 Dungeon Crawl Stone Soup version 0.22-a0-618-gd6a3efe (webtiles) character file.

39 sking99 the Ruffian (level 3, -2/33 HPs)
             Began as an Ogre Transmuter on July 13, 2018.
             Slain by an adder (3 damage)
             ... on level 2 of the Dungeon.
             The game lasted 00:02:48 (2033 turns).

sking99 the Ruffian (Ogre Transmuter)               Turns: 2033, Time: 00:02:48

Health: -2/33      AC:  3    Str: 14    XL:     3   Next: 47%
Magic:  6/6        EV: 10    Int: 14    God:
Gold:   83         SH:  0    Dex: 10    Spells: 0/6 levels left

rFire    . . .     SeeInvis .     - Unarmed
rCold    . . .     Gourm    .   (no shield)
rNeg     . . .     Faith    .   b - +0 robe
rPois    .         Spirit   .   (helmet restricted)
rElec    .         Reflect  .   (no cloak)
rCorr    .         Harm     .   (gloves unavailable)
MR       .....                  (boots unavailable)
Stlth    +.........             (no amulet)
HPRegen  0.11/turn              (no ring)
MPRegen  0.10/turn              (no ring)

@: lethally poisoned (-2 -> -9), about to teleport, appendage (expiring)
A: large, unfitting armour, talons 3, tough skin 1
a: End Transformation


You were on level 2 of the Dungeon.
You were very hungry.
You had grown temporary talons.
You visited 1 branch of the dungeon, and saw 2 of its levels.

You collected 83 gold pieces.

Inventory:

Missiles
 a - 40 arrows
Armour
 b - a +0 robe (worn)
Scrolls
 c - a scroll of fear {unknown}
 f - a scroll of remove curse {unknown}
 g - 2 scrolls of identify
Comestibles
 d - 2 rations


   Skills:
 - Level 1.3 Fighting
 - Level 1.7 Dodging
 + Level 3.9 Unarmed Combat
 - Level 2.4 Spellcasting
 + Level 1.9 Transmutations
 + Level 0.2 Poison Magic


You couldn't memorise any spells.
You knew the following spells:

 Your Spells              Type           Power        Failure   Level  Hunger
a - Beastly Appendage     Tmut           #.....       11%         1    #......
b - Sticks to Snakes      Tmut           #.......     16%         2    ###....
c - Spider Form           Tmut/Pois      #.........   41%         3    ###....

Your spell library contained the following spells:

 Spells                   Type           Power        Failure   Level  Hunger
 Blade Hands              Tmut           #.........   96%         5    ######.
 Ice Form                 Ice/Tmut       #.......     83%         4    #####..


Dungeon Overview and Level Annotations

Branches:
Dungeon (2/15)

Altars:


Innate Abilities, Weirdness & Mutations

You are too large for most types of armour.
You have tough skin. (AC +1)
You have claws for feet.


Message History

You feel sick. The adder misses you.
You miss the adder.
The adder is severely wounded.
* * * LOW HITPOINT WARNING * * *
You feel sick. The adder bites you.
* * * LOW HITPOINT WARNING * * *
The adder closely misses you.
You aren't carrying any potions.
As you read the scroll labeled QEMUTT VYWU, it crumbles to dust.
It is a scroll of identify.
e - a scroll of teleportation The adder barely misses you.
As you read the scroll of teleportation, it crumbles to dust.
You feel strangely unstable.
* * * LOW HITPOINT WARNING * * *
You feel sick. The adder bites you but does no damage.
* * * LOW HITPOINT WARNING * * *
You feel sick. The adder bites you.
You die...

..........>#
.#....#.####
#.#..#.# #.##.#S#
#.##†#.###########
#.##.#........)..#
#.##w##########.#
#.#...........#S#
#.#..##w#####.#@#
#)#.......###)#.#
#.#...........#.#
#.#######.#####.#
##...........).#.#
.....###...###.#.#
..##.# #...# #.#.#
..##.###...# #.#.#
....<......# #.#.#


You could see an adder.

Vanquished Creatures
  An adder (D:2)
  A worm (D:2)
  A dart slug (D:1)
  A leopard gecko (D:1)
  An orc (D:2)
  3 goblins
  7 hobgoblins
  A frilled lizard (D:1)
  3 kobolds
  5 rats
24 creatures vanquished.

Notes
Turn   | Place    | Note
-------+----------+-------------------------------------------
     0 | D:1      | sking99 the Ogre Transmuter began the quest for the Orb.
     0 | D:1      | Reached XP level 1. HP: 19/19 MP: 3/3
   110 | D:1      | Reached skill level 3 in Unarmed Combat
   242 | D:1      | Reached XP level 2. HP: 26/27 MP: 3/5
   922 | D:1      | Learned a level 2 spell: Sticks to Snakes
  1057 | D:2      | Reached XP level 3. HP: 24/33 MP: 4/6
  1418 | D:2      | Learned a level 3 spell: Spider Form
  2031 | D:2      | HP: 1/33 [poisoned by an adder]
  2033 | D:2      | Slain by an adder

Vault maps used:
D:1:      dpeg_arrival_rooms_c
D:2:      nicolae_overflow_crystal_walls, serial_curves, eino_curves_03,
          eino_curves_02

Skill      XL: |  1 |
---------------+----+-----
Unarmed Combat | 3 |  3.9
Fighting       | |  1.3
Dodging        | |  1.7
Spellcasting   | |  2.4
Transmutations | |  1.9
Poison Magic   | |  0.2

Action                   || total
-------------------------++-------
Melee: Unarmed           ||    92
       Kick              ||    11
       Headbutt          ||     2
       Punch             ||     1
 Cast: Beastly Appendage ||    10
       Spider Form       ||     2
  Use: Scroll            ||     2
  Eat: Chunk             ||     3
Armor: Robe              ||    10
Dodge: Dodged            ||    29

Table legend:
 A = Spawn XP
 B = Non-spawn XP
 C = Spawn XP percentage of total XP
 D = Spawn monster count
 E = Non-spawn monster count
 F = Spawn count percentage of total count
 G = Total turns spent on level
                    A         B        C        D         E        F      G
               +---------+---------+-------+---------+---------+-------+---------
         Total |       0 |      57 |   0.0 |       0 |      24 |   0.0 |  2033
               +---------+---------+-------+---------+---------+-------+---------
           D:1 |       0 |      23 |   0.0 |       0 |      13 |   0.0 |  1375
           D:2 |       0 |      34 |   0.0 |       0 |      11 |   0.0 |   658
               +---------+---------+-------+---------+---------+-------+---------
